 Dungeon Crawl Stone Soup version 0.30-a0-613-gdd512c7efb (webtiles) character file.

Game seed: 6863955901769460225

802 Heh the Trooper (level 7, -1/54 HPs)
             Began as an Octopode Monk on Jan 8, 2023.
             Was a Believer of Okawaru.
             Slain by Menkaure (19 damage)
             ... on level 5 of the Dungeon on Jan 9, 2023.
             The game lasted 00:07:04 (3676 turns).

Heh the Trooper (Octopode Monk)                     Turns: 3676, Time: 00:07:05

Health: -1/54      AC:  1    Str: 10    XL:     7   Next: 91%
Magic:  5/7        EV: 17    Int: 12    God:    Okawaru [**....]
Gold:   291        SH:  0    Dex: 17    Spells: 4/6 levels left

rFire   . . .      SeeInvis .    a - +0 falchion
rCold   . . .      Faith    .    (no shield)
rNeg    . . .      Spirit   .    (helmet restricted)
rPois   .          Reflect  .    (no amulet)
rElec   .          Harm     .    (no ring)
rCorr   .          Rampage  .    (no ring)
Will    .....                    (no ring)
Stlth   +++++                    (no ring)
HPRegen 0.29/turn                (no ring)
MPRegen 0.10/turn                (no ring)
                                 (no ring)
                                 (no ring)

@: heroic
A: almost no armour, amphibious, 8 rings, camouflage 1, gelatinous body 1,
(nimble swimmer 1), tentacles
a: Renounce Religion, Heroism


You were on level 5 of the Dungeon.
You worshipped Okawaru.
Okawaru was pleased with you.
You visited 2 branches of the dungeon, and saw 6 of its levels.

You collected 291 gold pieces.

Inventory:

Hand Weapons
 a - a +0 falchion (weapon)
Missiles
 h - 22 poisoned darts (quivered)
 s - 8 boomerangs
 t - 5 silver boomerangs
 y - a throwing net
Magical Staves
 l - a staff of poison
Scrolls
 c - a scroll of teleportation {unknown}
 f - a scroll of blinking {unknown}
 j - 2 scrolls of vulnerability {unknown}
 m - a scroll of fog {unknown}
 n - a scroll of enchant weapon {unknown}
 p - a scroll of summoning {unknown}
 r - a scroll of amnesia
 v - a scroll of fear {unknown}
 x - a scroll of poison {unknown}
Potions
 b - a potion of berserk rage {unknown}
 d - 3 potions of curing
 e - 2 potions of brilliance
 g - a potion of mutation {unknown}
 i - a potion of invisibility
 k - 2 potions of lignification {unknown}
 o - a potion of heal wounds {unknown}
 q - a potion of flight {unknown}
 u - a potion of magic {unknown}
 w - a potion of might {unknown}
 z - a potion of haste {unknown}


   Skills:
 + Level 7.0(12.0) Fighting
 * Level 6.4(11.4) Long Blades
 + Level 3.1(8.1) Dodging
 - Level 2.6(7.6) Stealth


You had 4 spell levels left.
You knew the following spells:

 Your Spells              Type           Power      Damage    Failure   Level
a - Sandblast             Erth           0%         2d4       32%         1
b - Shock                 Conj/Air       0%         1d3       32%         1

Your spell library contained the following spells:

 Spells                   Type           Power      Damage    Failure   Level
 Hailstorm                Conj/Ice       0%         3d3       69%         3
 Swiftness                Air            0%         N/A       69%         3
 Airstrike                Air            0%         2d(0-16)  97%         4
 Ice Form                 Ice/Tmut       0%         N/A       97%         4
 Simulacrum               Ice/Necr       Unusable   N/A       N/A         6

Dungeon Overview and Level Annotations

Branches:
Dungeon (5/15)             Temple (1/1) D:4

Altars:
Cheibriados
Dithmenos
Elyvilon
Fedhas
Gozag
Hepliaklqana
Makhleb
Okawaru
Qazlal
Ru
Trog
Vehumet
Wu Jian
Xom
Yredelemnul

Annotations:
D:5 Menkaure


Innate Abilities, Weirdness & Mutations

You cannot wear most types of armour.
You are amphibious.
You can wear up to eight rings at the same time.
Your skin changes colour to match your surroundings (Stealth+).
Your rubbery body absorbs attacks. (AC +1, EV +1)
((You are camouflaged when in or above water. (Stealth+)))
You have tentacles for arms and can constrict up to eight enemies at once.


Message History

You are too confused!
You are too confused!
You are too confused!
You are too confused!
You are too confused!
You are too confused!
You are too confused!
You are too confused!
Unknown command.
Okay, then.
It was a potion of curing.
You feel better.
You constrict the orc wizard.
Menkaure calls on the powers of darkness!
The orc wizard convulses!
Your body is wracked with pain!
The orc convulses! x2
The orc priest convulses!
The orc wizard closely misses you. The orc priest closely misses you.
The orc misses you. The orc closely misses you.
Okay, then.
You gain the combat prowess of a mighty hero.
You constrict the orc wizard. The orc wizard completely misses you.
The orc priest hits you with a +0 hand axe.
The orc completely misses you. The orc closely misses you.
You barely miss the orc priest. You grab the orc priest.
You squeeze the orc priest.
The orc priest is severely wounded.
You constrict the orc wizard.
You constrict the orc priest, but do no damage.
You hit the orc priest. You squeeze the orc priest.
You kill the orc priest!
Okawaru accepts your kill.
You constrict the orc wizard. The orc wizard completely misses you.
The orc completely misses you. The orc misses you.
You hit the orc wizard.
You kill the orc wizard!
Okawaru accepts your kill. The orc hits you but does no damage.
The orc barely misses you.
You hit Menkaure. You grab Menkaure.
Menkaure is lightly damaged.
You constrict Menkaure, but do no damage.
Menkaure hits you!!
You die...

#... ...........#
#.#. #..........#
#.#. #(.........#
.... #.....$....#
.### #..........##
#...........# ###.
#.....o)....# ...
#.....M@....# ..#
#.....o.)...####.#
#.........[.##...
###########..#.#
##...#########
#.>.......†..
#############


You could see Menkaure (fast) and 2 orcs.

Vanquished Creatures
  A black bear (D:4)
  An ogre (D:4)
  A centaur (D:5)
  A phantom (D:4)
  3 scorpions
  An orc priest (D:5)
  An iguana (D:5)
  Jessica (D:3)
  4 orc wizards
  6 adders
  3 worms
  3 dart slugs
  6 orcs
  A bat (D:1)
  4 endoplasms
  8 giant cockroaches
  A goblin (D:1)
  8 hobgoblins
  5 kobolds
  3 quokkas
  7 ball pythons
  4 frilled lizards
  5 rats
78 creatures vanquished.

Vanquished Creatures (others)
  7 plants (D:3)
7 creatures vanquished.

Grand Total: 85 creatures vanquished

Notes
Turn   | Place    | Note
-------+----------+-------------------------------------------
     0 | D:1      | Heh the Octopode Monk began the quest for the Orb.
     0 | D:1      | Reached XP level 1. HP: 16/16 MP: 1/1
     0 | D:1      | Upgraded the game from 0.30-a0-605-gb2882149bf to
                  | 0.30-a0-613-gdd512c7efb
    21 | D:1      | You fall into a shaft and drop 1 floor!
    91 | D:2      | Reached XP level 2. HP: 22/22 MP: 2/2
   168 | D:1      | Reached skill level 4 in Fighting
   237 | D:1      | Reached XP level 3. HP: 26/27 MP: 3/3
   601 | D:1      | Found a faded altar of an unknown god.
   617 | D:1      | Got Plato's Compendium of the Rocks
   674 | D:1      | Learned a level 1 spell: Sandblast
  1002 | D:2      | Reached XP level 4. HP: 33/34 MP: 4/4
  1681 | D:3      | Found the +1 Delatra's gloves {ID++}
  1691 | D:3      | Reached XP level 5. HP: 19/38 MP: 5/5
  1857 | D:3      | Reached skill level 5 in Fighting
  2040 | D:3      | Noticed Jessica
  2046 | D:3      | Killed Jessica
  2322 | D:3      | Found a hazy altar of Hepliaklqana.
  2376 | D:4      | Noticed a phantom
  2398 | D:4      | Killed a phantom
  2399 | D:4      | Reached XP level 6. HP: 31/45 MP: 6/6
  2473 | D:4      | Found a staircase to the Ecumenical Temple.
  2481 | Temple   | Entered the Ecumenical Temple
  2524 | Temple   | Became a worshipper of Warmaster Okawaru
  2524 | Temple   | Reached * piety under Okawaru
  2524 | Temple   | Reached ** piety under Okawaru
  2538 | D:4      | Found a sacrificial altar of Ru.
  2553 | D:4      | Reached skill level 5 in Long Blades
  2822 | D:4      | Reached skill level 6 in Fighting
  2968 | D:4      | Learned a level 1 spell: Shock
  2972 | D:4      | Noticed a black bear
  2978 | D:4      | Reached XP level 7. HP: 50/52 MP: 4/7
  3363 | D:5      | Entered Level 5 of the Dungeon
  3589 | D:5      | Reached skill level 7 in Fighting
  3663 | D:5      | Noticed Menkaure
  3676 | D:5      | Slain by Menkaure

Illustrated notes

Levels and vault maps discovered:
D:1:      shiori_arrival_maze, layout_basic,
          shapermc_ecumenical_altar_rom_forum, chequers_serial_rivers_micro_a
D:2:      layout_basic, st_stairs_6
D:3:      minmay_skewed_foursquare, layout_rooms,
          nicolae_hepliaklqana_hazy_memory, pf_guarded_unrand_delatra,
          uniq_jessica
D:4:      layout_loops_cross, lemuel_tele_altar,
          minmay_temple_entry_gardened_gates
D:5:      layout_basic, amcnicky_altar_gilded, uniq_menkaure
Temple:   compressed_dpeg_triangle_lava_temple

Skill      XL: |  1  2  3  4  5  6  7 |
---------------+----------------------+-----
Fighting       | 4 5 6 7 |  7.0
Long Blades    | 4 5 6 |  6.4
Dodging        | |  3.1
Stealth        | |  2.6

Action                   |  1- 3 |  4- 6 |  7- 9 || total
-------------------------+-------+-------+-------++-------
Melee: Falchion          |    53 |    88 |    41 ||   182
       Constrict         |    14 |    23 |     8 ||    45
       Tentacles         |     6 |    21 |    14 ||    41
       Punch             |       |     1 |       ||     1
Throw: Dart              |     8 |     3 |     7 ||    18
Invok: Heroism           |       |     3 |     1 ||     4
  Use: Scroll            |       |     3 |       ||     3
       Potion            |       |     1 |     1 ||     2
 Stab: Sleeping          |     9 |     9 |     3 ||    21
Armor: Skin              |     5 |     3 |     4 ||    12
Dodge: Dodged            |    43 |    50 |    42 ||   135

Table legend: (Time is in decaauts)
 A = Elapsed time spent in this place.
 B = Non-inter-level travel time spent in this place.
 C = Inter-level travel time spent in this place.
 D = Time resting spent in this place.
 E = Time spent auto-exploring this place.
 F = Levels seen in this place.
 G = Mean time per level.
                   A        B        C        D        E       F      G
               +--------+--------+--------+--------+--------+-----+--------+
         Total |   3685 |   3545 |    140 |     90 |   2804 |   6 |  614.2 |
       Dungeon |   3632 |   3501 |    131 |     90 |   2793 |   5 |  726.4 |
        Temple |     52 |     43 |      9 |      0 |     11 |   1 |   52.0 |
               +--------+--------+--------+--------+--------+-----+--------+

Top non-repeatable levels by time:
     D:4: 938 daAuts
     D:2: 884 daAuts
     D:3: 787 daAuts
     D:1: 708 daAuts
     D:5: 311 daAuts
  Temple: 52 daAuts
